 Dungeon Crawl Stone Soup version 0.31.0-12-g77e489cdc1 (webtiles) character file.

Game seed: 13486579073575540209

970 Doomgape the Trooper (level 8, -1/52 HPs)
             Began as a Gargoyle Fighter on Mar 4, 2024.
             Was an Initiate of Hepliaklqana.
             Slain by a gnoll sergeant
             ... wielding a +2 trident of flaming
              (6 damage)
             ... on level 5 of the Dungeon.
             The game lasted 00:10:22 (4317 turns).

Doomgape the Trooper (Gargoyle Fighter)             Turns: 4317, Time: 00:10:23

Health: -1/52      AC: 22    Str: 25    XL:     8   Next: 16%
Magic:  17/17      EV:  7    Int: 12    God:    Hepliaklqana [......]
Gold:   363        SH:  4    Dex:  9    Spells: 7/7 levels left

rFire   . . .        n - +0 hammer of Fukikh {freeze, MP+9 Int+3}
rCold   . . .        c - +0 buckler
rNeg    + . .        a - +3 plate armour
rPois   ∞            (no helmet)
rElec   +            (no cloak)
rCorr   .            p - +0 pair of gloves {Str+3}
SInv    .            (no boots)
Will    .....        e - amulet of regeneration Stlth
                     (no ring)
HPRegen 1.08/turn    (no ring)
MPRegen 0.15/turn

%: no passive effects
@: no status effects
A: sickness immunity, AC +5, negative energy resistance 1, electricity
resistance, torment resistance 1, petrification resistance
a: Renounce Religion


You were on level 5 of the Dungeon.
You worshipped Hepliaklqana.
Hepliaklqana was noncommittal.
You visited 2 branches of the dungeon, and saw 6 of its levels.

You collected 363 gold pieces.

Inventory:

Hand Weapons
 n - the +0 hammer of Fukikh (weapon) {freeze, MP+9 Int+3}
   (You found it on level 4 of the Dungeon)

   Int+3:     It affects your intelligence (+3).
   MP+9:      It affects your magic capacity (+9).
Armour
 a - a +3 plate armour (worn)
 c - a +0 buckler (worn)
 p - a +0 pair of gloves of strength (worn)
Jewellery
 e - an amulet of regeneration (around neck)
Wands
 l - a wand of flame (7)
Scrolls
 g - 2 scrolls of teleportation
 h - 5 scrolls of identify
 m - a scroll of noise {unknown}
 o - a scroll of revelation {unknown}
Potions
 d - 2 potions of might
 f - a potion of enlightenment {unknown}
 i - a potion of mutation {unknown}


   Skills:
 + Level 6.6 Fighting
 + Level 5.4 Maces & Flails
 + Level 6.5 Armour
 - Level 3.8 Shields


You had 7 spell levels left.
You didn't know any spells.
Your spell library contained the following spells:

 Spells                   Type           Power      Damage    Failure   Level
 Necrotise                Necr           0%         1d4       99%         1
 Blink                    Tloc           0%         N/A       100%        2
 Lesser Beckoning         Tloc           0%         N/A       100%        2
 Momentum Strike          Conj/Tloc      0%         3d8       100%        2
 Vampiric Draining        Necr           0%         2d6       100%        3
 Ignite Poison            Fire/Alch      0%         N/A       100%        4
 Martyr's Knell           Necr/Summ      0%         N/A       100%        4
 Curse of Agony           Necr           0%         N/A       100%        5
 Freezing Cloud           Conj/Ice/Air   0%         6-21      100%        5
 Cigotuvi's Dreadful Rot  Necr/Alch/Air  Unusable   N/A       N/A         2

Dungeon Overview and Level Annotations

Branches:
Dungeon (5/15)             Temple (1/1) D:5

Altars:
Ashenzari
Cheibriados
Dithmenos
Elyvilon
Fedhas
Gozag
Hepliaklqana
Kikubaaqudgha
Makhleb
Nemelex Xobeh
Qazlal
Ru
Sif Muna
Trog
Vehumet
Xom
Yredelemnul
Zin
The Shining One

Shops:
D:4 :


Innate Abilities, Weirdness & Mutations

You are immune to sickness and miasma.
Your stone body is resilient. (AC +5)
You are immune to poison.
You resist negative energy. (rN+)
You are resistant to electric shocks. (rElec)
You are resistant to unholy torment.
You are immune to petrification.


Message History

The gnoll hits you with a +0 whip.
You thump the gnoll! You freeze the gnoll.
You kill the gnoll!
The gnoll sergeant hits you but does no damage.
The gnoll hits you with a +0 whip.
You hit the gnoll. You freeze the gnoll.
The gnoll is severely wounded.
You block the gnoll's attack. The gnoll hits you but does no damage.
You block the gnoll sergeant's attack.
The gnoll sergeant hits you from afar with a +2 trident of flaming!
The gnoll sergeant burns you.
The gnoll hits you but does no damage. x2
You sock the gnoll! You freeze the gnoll.
You kill the gnoll!
The gnoll barely misses you.
The gnoll sergeant hits you but does no damage.
You sock the gnoll! You freeze the gnoll.
You kill the gnoll!
You block the gnoll sergeant's attack.
The gnoll sergeant hits you but does no damage.
You see here a +0 whip.
You hit the gnoll sergeant. You freeze the gnoll sergeant.
The gnoll sergeant is moderately wounded.
The gnoll sergeant barely misses you.
You hit the gnoll sergeant but do no damage.
The gnoll sergeant is moderately wounded.
The gnoll sergeant hits you with a +2 trident of flaming!
The gnoll sergeant burns you.
You hit the gnoll sergeant. You freeze the gnoll sergeant.
The gnoll sergeant is heavily wounded.
The gnoll sergeant hits you but does no damage. x2
You hit the gnoll sergeant. You freeze the gnoll sergeant.
The gnoll sergeant is heavily wounded.
The gnoll sergeant hits you with a +2 trident of flaming!
The gnoll sergeant burns you.
You hit the gnoll sergeant. You freeze the gnoll sergeant.
The gnoll sergeant is severely wounded.
The gnoll sergeant hits you with a +2 trident of flaming!
* * * LOW HITPOINT WARNING * * *
The gnoll sergeant burns you.
You die...

.............#
........######
........# ........#
######### ........#
#......(# ........#
#...!...# ........#
#.......#
........#####))g....#
####+###......@.....#
#(....########
#.....# #.....#
#.....# +.....#
#.....# #######


You could see a gnoll sergeant.

Vanquished Creatures
  Grinder (D:4)
  A black bear (D:4)
  An orc warrior (D:5)
  2 phantoms
  A bombardier beetle (D:4)
  2 hounds
  Crazy Yiuf (D:4)
  A sleepcap (D:5)
  4 orc wizards (D:5)
  An iguana (D:5)
  3 gnolls (D:5)
  6 adders
  A shadow imp (D:4)
  5 dart slugs
  A ribbon worm (D:2)
  9 orcs
  6 bats
  2 endoplasms
  6 giant cockroaches
  7 goblins
  7 hobgoblins
  2 quokkas
  6 ball pythons
  5 frilled lizards
  7 kobolds
  9 rats
97 creatures vanquished.

Notes
Turn   | Place    | Note
-------+----------+-------------------------------------------
     0 | D:1      | Doomgape the Gargoyle Fighter began the quest for the Orb.
     0 | D:1      | Reached XP level 1. HP: 14/14 MP: 1/1
   163 | D:1      | Reached XP level 2. HP: 19/19 MP: 2/2
   612 | D:1      | Reached XP level 3. HP: 23/23 MP: 3/3
  1275 | D:2      | Found a white marble altar of Elyvilon.
  1324 | D:2      | Reached XP level 4. HP: 29/29 MP: 4/4
  1588 | D:2      | Identified the +9 hand axe of Ditid {pain, Str+4}
  2003 | D:3      | Found a faded altar of an unknown god.
  2099 | D:3      | Reached XP level 5. HP: 33/33 MP: 5/5
  2829 | D:4      | Noticed a black bear
  2841 | D:4      | Killed a black bear
  2842 | D:4      | Reached XP level 6. HP: 25/40 MP: 6/6
  2889 | D:4      | Reached skill level 5 in Fighting
  2889 | D:4      | Reached skill level 5 in Armour
  3101 | D:4      | Found Jozowa Miri's Book Emporium.
  3233 | D:4      | Noticed Grinder
  3236 | D:4      | Paralysed by Grinder for 5 turns
  3274 | D:4      | Killed Grinder
  3275 | D:4      | Reached XP level 7. HP: 31/45 MP: 7/7
  3543 | D:4      | Found a runed translucent door.
  3544 | D:4      | Noticed Crazy Yiuf
  3738 | D:4      | Killed Crazy Yiuf
  3752 | D:4      | Identified the +0 hammer of Fukikh {freeze, MP+9 Int+3}
  3869 | D:5      | Entered Level 5 of the Dungeon
  3895 | D:5      | Found a staircase to the Ecumenical Temple.
  3938 | Temple   | Entered the Ecumenical Temple
  3962 | Temple   | Became a worshipper of Hepliaklqana the Forgotten
  4028 | D:5      | Reached skill level 5 in Maces & Flails
  4140 | D:5      | Reached XP level 8. HP: 9/52 MP: 8/8
  4237 | D:5      | Found a sparkling altar of Nemelex Xobeh.
  4317 | D:5      | Slain by a gnoll sergeant

Illustrated notes

Levels and vault maps discovered:
D:1:      dpeg_arrival_rhombi, layout_loops_corners, serial_bayou,
          serial_bayou_lake_a, serial_bayou_lagoon_b, serial_bayou_shore_b,
          serial_bayou_lagoon_a, hangedman_decor_riveting, minmay_circled_x
D:2:      layout_basic, basic_altar, minmay_pentomino_x4
D:3:      minmay_skewed_foursquare, layout_loops_corners,
          hellmonk_ecumenical_altar_heavens_door, minmay_between
D:4:      layout_loops_ring, serial_shops, shop, uniq_grinder,
          uniq_crazy_yiuf_cottage
D:5:      layout_gridville, nemelex_diamond_rough_becter,
          minmay_temple_entry_glass, serial_bayou_pond_e, uniq_duvessa
Temple:   mainiacjoe_temple_bowtie_tessellation

Skill      XL: |  1  2  3  4  5  6  7 |
---------------+----------------------+-----
Armour         | 4 5 6 |  6.5
Fighting       | 4 5 6 |  6.6
Maces & Flails | 3 4 5 |  5.4
Shields        | |  3.8

Action                     |  1- 3 |  4- 6 |  7- 9 || total
---------------------------+-------+-------+-------++-------
  Melee: Flail             |   130 |   178 |     8 ||   316
         Mace              |       |       |   113 ||   113
  Evoke: Wand              |       |       |     5 ||     5
    Use: Scroll            |     2 |       |       ||     2
         Potion            |       |       |     3 ||     3
 Armour: Scale mail        |   115 |   134 |    70 ||   319
         Skin              |       |       |    31 ||    31
         Plate armour      |       |       |    17 ||    17
  Dodge: Dodged            |    72 |    90 |    49 ||   211
  Block: Buckler           |    22 |    41 |    32 ||    95
